 Dungeon Crawl Stone Soup version 0.29.1-1-gd02db6906a (webtiles) character file.

Game seed: 7544870534043169254

914 Ashen the Conjurer (level 7, -1/78 HPs)
             Began as a Demonspawn Conjurer on Oct 12, 2022.
             Slain by Duvessa
             ... wielding a +0 short sword
              (3 damage)
             ... on level 5 of the Dungeon.
             The game lasted 00:16:09 (7139 turns).

Ashen the Conjurer (Demonspawn Conjurer)            Turns: 7139, Time: 00:16:09

Health: -1/78      AC: 23    Str:  8    XL:     7   Next: 82%
Magic:  14/14      EV:  2    Int: 21    God:
Gold:   290        SH:  0    Dex: 11    Spells: 6/15 levels left

rFire   . . .      SeeInvis .   p - +2 halberd (venom)
rCold   . . .      Faith    .   (shield currently unavailable)
rNeg    . . .      Spirit   .   (body armour currently unavailable)
rPois   +          Reflect  .   (helmet currently unavailable)
rElec   .          Harm     .   (cloak currently unavailable)
rCorr   .          Rampage  .   (gloves currently unavailable)
Will    .....      NoTele   +   (boots currently unavailable)
Stlth   ++........              (no amulet)
HPRegen 0.23/turn               (no ring)
MPRegen 0.14/turn               (no ring)

@: tree-form, very slightly contaminated
A: stationary, stasis, torment immunity, boosted hp, (horns 1), powered by pain
2
a: no special abilities


You were on level 5 of the Dungeon.
You were a tree.
You visited 2 branches of the dungeon, and saw 6 of its levels.

You collected 290 gold pieces.

Inventory:

Hand Weapons
 p - a +2 halberd of venom (weapon)
Missiles
 c - 5 javelins
Armour
 a - a +0 robe (melded)
 d - a +1 kite shield of reflection
 f - a +0 buckler
Magical Staves
 i - a staff of air
Jewellery
 l - a ring of resist corrosion
 o - a ring of positive energy
Scrolls
 e - a scroll of amnesia
 h - a scroll of identify
 n - a scroll of immolation
Potions
 b - a potion of magic
 g - 5 potions of curing
 m - 2 potions of lignification


   Skills:
 + Level 3.0 Fighting
 + Level 3.5 Dodging
 + Level 3.6 Stealth
 * Level 4.8 Spellcasting
 * Level 6.2 Conjurations


You had 6 spell levels left.
You knew the following spells:

 Your Spells              Type           Power      Damage    Failure   Level
a - Magic Dart            Conj           100%       1d8       1%          1
b - Searing Ray           Conj           62%        2d6       1%          2
c - Frozen Ramparts       Ice            10%        1d2       32%         3
d - Dazzling Flash        Conj/Hex       36%        N/A       9%          3

Your spell library contained the following spells:

 Spells                   Type           Power      Damage    Failure   Level
 Beastly Appendage        Tmut           10%        N/A       11%         1
 Slow                     Hex            20%        N/A       11%         1
 Mephitic Cloud           Conj/Pois/Air  13%        N/A       14%         3
 Call Imp                 Summ           5%         N/A       17%         2
 Wereblood                Tmut           5%         N/A       17%         2
 Fulminant Prism          Conj/Hex       9%         3d7       30%         4
 Iskenderun's Mystic Bla  Conj/Tloc      18%        2d6       30%         4
 Confusing Touch          Hex            5%         N/A       32%         3
 Spider Form              Tmut/Pois      5%         N/A       32%         3
 Vampiric Draining        Necr           5%         2d6       32%         3
 Ice Form                 Ice/Tmut       5%         N/A       73%         4
 Summon Ice Beast         Ice/Summ       5%         N/A       73%         4
 Lee's Rapid Deconstruct  Erth           2%         3d6*      97%         5


Dungeon Overview and Level Annotations

Branches:
Dungeon (5/15)             Temple (1/1) D:5

Altars:
Dithmenos
Gozag
Hepliaklqana
Kikubaaqudgha
Nemelex Xobeh
Okawaru
Ru
Sif Muna
Uskayaw
Wu Jian
Xom
Yredelemnul

Shops:
D:1 :   D:4 *

Annotations:
D:3 Jessica, Sigmund
D:5 Duvessa


Innate Abilities, Weirdness & Mutations

You are a tree.
Your roots penetrate the ground, keeping you stationary.
You cannot be teleported.
You are immune to unholy pain and torment.
Your maximum health is greatly increased.
Your equipment is partially melded.
((You have a pair of small horns on your head.))
You sometimes gain power by taking damage.


Message History

Casting: Frozen Ramparts (dangerous; 32% risk of failure)
Press: ? - help, Dir - look around, f - activate You miscast Frozen Ramparts.
You are very lightly contaminated with residual magic.
Nothing appears to happen.
Duvessa rages.
Casting: Frozen Ramparts (dangerous; 32% risk of failure)
Confirm with . or Enter, or press ? or * to list all spells.
Casting: Frozen Ramparts (dangerous; 32% risk of failure)
Press: ? - help, Dir - look around, f - activate You miscast Frozen Ramparts.
Frost covers your body!
* * * LOW HITPOINT WARNING * * *
Duvessa rages.
Unknown command.
You are too injured to fight recklessly!
Reach: p) +2 halberd (venom)
Press: ? - help, Dir - move target, f - Duvessa
Aim: Duvessa, wielding a +0 short sword, wearing a +0 scale mail and quivering datura-tipped darts (lightly wounded, berserk, about 41% to evade your +2 halberd of venom)
You reach to attack!
You hit Duvessa.
Duvessa is lightly wounded.
Duvessa rages.
Duvessa hits you with a +0 short sword.
* * * LOW HITPOINT WARNING * * *
Reach: p) +2 halberd (venom)
Press: ? - help, Dir - move target, f/p - Duvessa
Aim: Duvessa, wielding a +0 short sword, wearing a +0 scale mail and quivering datura-tipped darts (lightly wounded, berserk, about 41% to evade your +2 halberd of venom)
You barely miss Duvessa.
Duvessa is lightly wounded.
Duvessa hits you but does no damage. Duvessa hits you with a +0 short sword!
* * * LOW HITPOINT WARNING * * *
You focus on the pain.
You feel your power returning.
You hit Duvessa but do no damage.
Duvessa is poisoned.
Duvessa is lightly wounded.
Duvessa hits you with a +0 short sword.
* * * LOW HITPOINT WARNING * * *
Duvessa hits you but does no damage.
You slash Duvessa!
Duvessa looks as sick as possible!
Duvessa is moderately wounded.
Duvessa hits you with a +0 short sword.
You die...

####### #.# ......# #.#
#####.# #####.# ......#
#.....# ......# #.....#
......# #####.....#
...##.# #.........#
...##§####.........#######
....)§§§§§.....e♣.......>#
..e##§####....##########.#
...##..........# #.#
...#####.....#.# #.# ...#
#.#####.# #.# ...# #.# #.#
#.# ...# ### #.#########.#
#### ##>## #.#.........#
##### 8...8 #.#.........#


You could see Duvessa (berserk, extremely poisoned).

Vanquished Creatures
  A black bear (D:5)
  A phantom (D:5)
  A scorpion (D:4)
  2 necrophages
  Dowan (D:5)
  A howler monkey (D:5)
  An orc priest (D:5)
  2 hounds
  2 jellies
  2 iguanas (D:5)
  2 orc wizards
  5 adders
  6 gnolls
  3 ufetubi
  5 dart slugs
  8 orcs
  4 bats
  8 endoplasms
  4 giant cockroaches
  9 hobgoblins
  2 jackals (D:3)
  6 quokkas
  6 ball pythons
  4 frilled lizards (D:1)
  5 goblins
  4 kobolds
  7 rats
102 creatures vanquished.

Vanquished Creatures (others)
  Pikel (D:5)
  4 lemures (D:5)
  A shadow imp (D:5)
  3 toadstools (D:1)
9 creatures vanquished.

Grand Total: 111 creatures vanquished

Notes
Turn   | Place    | Note
-------+----------+-------------------------------------------
     0 | D:1      | Ashen the Demonspawn Conjurer began the quest for the Orb.
     0 | D:1      | Reached XP level 1. HP: 13/13 MP: 3/3
   199 | D:1      | Gained mutation: You sometimes gain a little power by
                  | taking damage. [demonic ancestry]
   199 | D:1      | Reached XP level 2. HP: 16/19 MP: 0/5
   707 | D:1      | You fall into a shaft and drop 1 floor!
   942 | D:1      | Found Mefig's Book Shoppe.
  1710 | D:2      | Reached XP level 3. HP: 25/25 MP: 4/6
  1993 | D:1      | Learned a level 2 spell: Searing Ray
  1997 | D:1      | Learned a level 3 spell: Frozen Ramparts
  2351 | D:3      | Found a faded altar of an unknown god.
  2416 | D:3      | Found a basalt altar of Yredelemnul.
  2906 | D:3      | Noticed Sigmund
  3143 | D:3      | Reached skill level 1 in Fighting
  3143 | D:3      | Gained mutation: You have a pair of small horns on your
                  | head. [demonic ancestry]
  3143 | D:3      | Reached XP level 4. HP: 31/32 MP: 3/8
  3517 | D:3      | Noticed Jessica
  3734 | D:4      | Reached XP level 5. HP: 37/37 MP: 1/9
  3890 | D:4      | Learned a level 3 spell: Dazzling Flash
  4130 | D:4      | Reached skill level 5 in Conjurations
  4246 | D:4      | Reached XP level 6. HP: 14/43 MP: 0/11
  4607 | D:4      | Found a sparkling altar of Nemelex Xobeh.
  4678 | D:4      | Found an opulent altar of Gozag.
  4698 | D:4      | Found Gozag's Platinum Reserve.
  5174 | D:5      | Entered Level 5 of the Dungeon
  5224 | D:5      | Identified a scroll of acquirement
  5224 | D:5      | Acquired a +0 kite shield of reflection
  5326 | D:5      | Noticed Duvessa
  5326 | D:5      | Noticed Dowan
  5596 | D:5      | Found a hazy altar of Hepliaklqana.
  5616 | D:5      | Found a sacrificial altar of Ru.
  5757 | D:5      | Gained mutation: You sometimes gain power by taking damage.
                  | [demonic ancestry]
  5757 | D:5      | Reached XP level 7. HP: 14/51 MP: 9/13
  5897 | D:5      | Killed Pikel
  6147 | D:5      | Reached skill level 6 in Conjurations
  6349 | D:5      | Found a staircase to the Ecumenical Temple.
  6360 | Temple   | Entered the Ecumenical Temple
  6763 | D:5      | Found a shimmering altar of Xom.
  6806 | D:5      | Killed Dowan
  7137 | D:5      | HP: 2/78 [Duvessa/+0 short sword (9)]
  7139 | D:5      | Slain by Duvessa

Illustrated notes

Levels and vault maps discovered:
D:1:      dpeg_arrival_fog, layout_basic, serial_shops, shop,
          grunt_decor_mini_mirrors, minmay_gold_behind_fungi,
          amcnicky_mini_pool_small
D:2:      layout_basic, grunt_decor_clamped, minmay_misc_feat_roman,
          minmay_box_of_dots
D:3:      layout_loops_corners, nicolae_overflow_crystal_walls,
          ebering_ecumenical_altar_webs, minmay_misc_feat_room, uniq_jessica,
          uniq_sigmund
D:4:      layout_loops_cross, nicolae_gozag_zags_fifth_avenue,
          nemelex_dance_club_becter
D:5:      layout_basic, nicolae_ru_the_path_less_chosen,
          mainiacjoe_overflow_cross_hatched, nicolae_overflow_hidden_temple,
          lemuel_temple_firewalk_a, gup_sewer_entry_bowl, uniq_duvessa,
          uniq_pikel
Temple:   hellmonk_temple_rainy

Skill      XL: |  1  2  3  4  5  6  7 |
---------------+----------------------+-----
Dodging        | 2 3 |  3.5
Stealth        | 2 3 |  3.6
Fighting       | 1 2 3 |  3.0
Spellcasting   | 3 4 |  4.8
Conjurations   | 5 6 |  6.2

Action                   |  1- 3 |  4- 6 |  7- 9 || total
-------------------------+-------+-------+-------++-------
Melee: Unarmed           |    24 |       |       ||    24
       Staff             |     8 |    21 |       ||    29
       Headbutt          |       |     2 |       ||     2
       Halberd           |       |       |    13 ||    13
 Cast: Magic Dart        |    93 |    98 |    23 ||   214
       Searing Ray       |       |     5 |     5 ||    10
       Frozen Ramparts   |       |     1 |       ||     1
       Dazzling Flash    |       |       |     1 ||     1
Evoke: Wand              |       |    15 |     4 ||    19
  Use: Scroll            |       |     9 |     3 ||    12
       Potion            |       |     1 |     2 ||     3
 Stab: Sleeping          |     2 |     2 |       ||     4
       Distracted        |       |       |     1 ||     1
       Invisible         |       |       |     1 ||     1
Armor: Robe              |    11 |     8 |     5 ||    24
       Skin              |       |       |     2 ||     2
Dodge: Dodged            |    38 |    34 |    19 ||    91
